 Dungeon Crawl Stone Soup version 0.20-a0-739-g6bb112f (webtiles) character file.

68 polly the Slasher (level 4, 0/33 HPs)
             Began as a Demonspawn Gladiator on Feb 25, 2017.
             Slain by a gnoll
             ... wielding a +0 spear
              (9 damage)
             ... on level 2 of the Dungeon.
             The game lasted 00:00:58 (840 turns).

polly the Slasher (Demonspawn Gladiator)             Turns: 840, Time: 00:00:58

Health: 0/33       AC:  3    Str: 16    XL:     4   Next: 1%
Magic:  4/4        EV: 13    Int:  9    God:
Gold:   107        SH:  0    Dex: 14    Spells: 3/3 levels left

rFire    . . .     SeeInvis .   a - +0 long sword
rCold    . . .     Gourm    .   b - +0 leather armour
rNeg     . . .     Faith    .   (no shield)
rPois    .         Spirit   .   (helmet restricted)
rElec    .         Reflect  .   (no cloak)
rCorr    .         Harm     .   (no gloves)
MR       .....                  (no boots)
Stlth    +.........             (no amulet)
Regen    0.2/turn               (no ring)
MPRegen  0.1/turn               (no ring)

@: no status effects
A: horns 1
a: no special abilities


You were on level 2 of the Dungeon.
You were not hungry.

You visited 1 branch of the dungeon, and saw 2 of its levels.

You collected 107 gold pieces.

Inventory:

Hand Weapons
 a - a +0 long sword (weapon)
Missiles
 d - 3 throwing nets (quivered)
Armour
 b - a +0 leather armour (worn)
 c - a +0 helmet
Scrolls
 g - 3 scrolls of identify {unknown}
 i - a scroll of enchant weapon {unknown}
 j - a scroll of remove curse {unknown}
 m - a scroll of teleportation {unknown}
 n - a scroll of amnesia {unknown}
 p - a scroll of random uselessness {unknown}
Potions
 e - a potion of agility {unknown}
 h - a potion of curing {unknown}
 l - a potion of degeneration {unknown}
Comestibles
 f - a bread ration
 k - 8 fruits
 o - a royal jelly


   Skills:
 + Level 2.2 Fighting
 + Level 3.5 Long Blades
 + Level 2.0 Throwing
 + Level 0.5 Armour
 + Level 3.3 Dodging


You had 3 spell levels left.
You didn't know any spells.

Dungeon Overview and Level Annotations

Branches:
Dungeon (2/15)

Altars:


Innate Abilities, Weirdness & Mutations

You have a pair of small horns on your head.


Message History

You closely miss the gnoll. You headbutt the gnoll.
The gnoll is severely wounded.
The gnoll hits you but does no damage. The gnoll barely misses you.
The gnoll hits you with a whip. The gnoll barely misses you.
You riposte.
You slash the gnoll!
You kill the gnoll!
You have reached level 4!
You feel stronger.
You hit the gnoll but do no damage. Your headbutt misses the gnoll.
The gnoll is moderately wounded.
The gnoll completely misses you.
The gnoll hits you from afar with a spear.
The gnoll misses you.
The gnoll hits you from afar with a spear.
* * * LOW HITPOINT WARNING * * *
You closely miss the gnoll.
The gnoll is moderately wounded.
The gnoll barely misses you.
The gnoll hits you from afar with a spear!
You die...

....... . .......
....... ## # ....... ..
## # .>.....## .#.. #
........#... ##
......g$#.# ..##. #g..#
#.... #@######## ..###
#.??...... .##.
#.############....
..#####.#.......>.......
........#.###......###..
..#####....##...........
...##...#.......†#..#.#
#..#...##............#
#..............<.....


You could see 2 gnolls.

Vanquished Creatures
  A gnoll (D:2)
  An adder (D:2)
  An ooze (D:2)
  A worm (D:2)
  3 dart slugs
  A leopard gecko (D:2)
  6 bats
  4 giant cockroaches
  4 goblins
  2 hobgoblins (D:2)
  3 jackals (D:2)
  2 kobolds
  7 rats
36 creatures vanquished.

Notes
Turn   | Place    | Note
-------+----------+-------------------------------------------
     0 | D:1      | polly the Demonspawn Gladiator began the quest for the Orb.
     0 | D:1      | Reached XP level 1. HP: 16/16 MP: 1/1
   183 | D:1      | Gained mutation: You have a pair of small horns on your head. [demonic ancestry]
   183 | D:1      | Reached XP level 2. HP: 22/22 MP: 2/2
   414 | D:2      | Reached XP level 3. HP: 24/27 MP: 3/3
   837 | D:2      | Reached XP level 4. HP: 20/33 MP: 4/4
   840 | D:2      | Slain by a gnoll

Vault maps used:
D:1:      minmay_arrival_four_circles, minmay_pentomino_u4

Skill      XL: |  1  2  3 |
---------------+----------+-----
Long Blades    | 3 |  3.5
Dodging        | 3 |  3.3
Throwing       | 2 |  2.0
Fighting       | |  2.2
Armour         | |  0.5

Action                   |  1- 3 |  4- 6 || total
-------------------------+-------+-------++-------
Melee: Long sword        |    71 |     2 ||    73
       Headbutt          |    11 |       ||    11
Armor: Leather armour    |    23 |       ||    23
Dodge: Dodged            |    49 |     3 ||    52
       Rpst.: Long sword |    12 |       ||    12
